 Dungeon Crawl Stone Soup version 0.17-a0-2014-g32cd421 (webtiles) character file.

203724 Goblin1989 the Deadly Accurate (level 17, -2/156 HPs)
             Began as a Centaur Fighter on Oct 9, 2015.
             Was a High Priest of Okawaru.
             Slain by a merfolk impaler
             ... wielding a +0 demon trident of pain
              (17 damage)
             ... on level 3 of the Shoals.
             The game lasted 04:34:06 (51655 turns).

Goblin1989 the Deadly Accurate (Centaur Fighter)   Turns: 51655, Time: 04:34:07

Health: -2/156     AC: 25    Str: 18    XL:     17   Next: 99%
Magic:  11/19      EV: 14    Int:  7    God:    Okawaru [*****.]
Gold:   1230       SH: 16    Dex: 17    Spells: 0 memorised, 16 levels left

rFire  . . .     SeeInvis +     a - +7 demon trident (flame)
rCold  + . .     Clarity  .     M - +3 ring mail of the Pits of Slime {rElec rC+ Int+2 Slay+3}
rNeg   + . .     SustAt   .     Q - +2 shield {rN+}
rPois  +         Gourm    .     y - +0 helmet
rElec  +         Spirit   .     i - +0 cloak {+Inv}
rCorr  +         Warding  .     S - +0 pair of gloves {archery}
rMut   .         Stasis   .     I - +1 centaur barding {Fly}
MR     ++...                    O - amulet of resist corrosion
Stlth  ++........               Y - ring "Dyrer" {MR+ SInv}
                                C - ring of poison resistance

@: heroism, flying, very quick, very resistant to hostile enchantments,
unstealthy
A: hooves 3, agile 1, deformed body, dopey 1, speed 2, low mp 1, tough skin 3,
weak 1, no device heal 1, MP-powered wands
a: Heroism, Finesse, Renounce Religion, Evoke Invisibility, Stop Flying
}: 1/15 runes: gossamer


You were on level 3 of the Shoals.
You worshipped Okawaru.
Okawaru was extremely pleased with you.
You were not hungry.

You visited 6 branches of the dungeon, and saw 35 of its levels.
You also visited: Labyrinth, Ossuary, Bailey and Ice Cave.

You collected 3323 gold pieces.
You spent 2093 gold pieces at shops.

Inventory:

Hand Weapons
 a - a +7 demon trident of flaming (weapon)
Missiles
 u - 60 tomahawks (quivered)
 w - 5 throwing nets
 z - 2 tomahawks of dispersal
 A - 3 javelins of penetration
Armour
 i - a +0 cloak of invisibility (worn)
 y - a +0 helmet (worn)
 I - a +1 centaur barding of flying (worn)
 J - the +2 centaur barding of Fipluafi {rElec rC- Stlth+}
   (Okawaru gifted it to you on level 8 of the Lair of Beasts)

   It makes you vulnerable to cold.
   It insulates you from electricity.
   It makes you more stealthy.
 M - the +3 ring mail of the Pits of Slime (worn) {rElec rC+ Int+2 Slay+3}
   (Okawaru gifted it to you on level 3 of the Spider Nest)

   It affects your intelligence (+2).
   It affects your accuracy and damage with ranged weapons and melee attacks
   (+3).
   It protects you from cold.
   It insulates you from electricity.
 Q - a +2 shield of positive energy (worn)
 S - a +0 pair of gloves of archery (worn)
Jewellery
 c - an uncursed ring of flight
 k - an uncursed ring of protection from magic
 r - an uncursed ring of protection from cold
 C - a ring of poison resistance (left hand)
 N - an uncursed ring of protection from fire
 O - an amulet of resist corrosion (around neck)
 Y - the ring "Dyrer" (right hand) {MR+ SInv}
   (You found it in a bailey)

   [ring of see invisible]

   It affects your resistance to hostile enchantments.
   It lets you see invisible.
 Z - an uncursed ring of protection from cold
Wands
 n - a wand of draining (5)
 o - a wand of fire (5)
 s - a wand of disintegration (19)
 x - a wand of teleportation (4)
 G - a wand of disintegration (2)
 H - a wand of digging (4)
 P - a wand of teleportation (3)
Scrolls
 b - 2 scrolls of immolation
 e - 8 scrolls of teleportation
 g - 15 scrolls of remove curse
 q - 14 scrolls of identify
 t - 5 scrolls of magic mapping
 v - a scroll of recharging
 D - 8 scrolls of fear
 E - a scroll of silence
 K - a scroll of enchant armour
 L - 3 scrolls of summoning
 R - 2 scrolls of blinking
 W - 2 scrolls of fog
Potions
 d - 3 potions of might
 h - 9 potions of curing
 j - 7 potions of ambrosia
 l - 8 potions of agility
 m - 2 potions of heal wounds
 p - 4 potions of invisibility
 B - a potion of haste
 F - a potion of resistance
 T - 5 potions of flight
Comestibles
 f - 6 meat rations
 U - a chunk of flesh


   Skills:
 * Level 15.2(20.2) Fighting
 - Level 14.0(19.0) Polearms
 - Level 16.1(21.1) Throwing
 + Level 10.7(15.7) Armour
 + Level 6.3(11.3) Dodging
 - Level 9.1(14.1) Shields
 - Level 5.5 Invocations
 - Level 4.8 Evocations


You had 16 spell levels left.
You didn't know any spells.

Dungeon Overview and Level Annotations

Branches:
Dungeon (14/15)            Temple (1/1) D:7            Lair (8/8) D:8
 Shoals (4/4) Lair:6       Spider (4/4) Lair:6        Slime (0/6) Lair:7
    Orc (4/4) D:11         Vaults (0/5) D:14
    Elf: Orc:3-4

Altars:
Ashenzari
Cheibriados
Dithmenos
Elyvilon
Fedhas
Gozag
Kikubaaqudgha
Makhleb
Nemelex Xobeh
Okawaru
Qazlal
Ru
Sif Muna
Trog
Vehumet
Xom
Yredelemnul
Zin
The Shining One
Beogh

Shops:
D:8 ?   Orc:3 *   Orc:4 =*[(

Annotations:
D:7 1 exclusion
Lair:7 exclusion: oklob plant
Lair:8 exclusion: 2 doors
Shoals:3 exclusion: downstairs
Shoals:4 Ilsuiw


Innate Abilities, Weirdness & Mutations

You have hooves in place of feet.
Armour fits poorly on your strangely shaped body.
You cover ground very quickly.
You have extremely tough skin (AC +3).
You are agile. (Dex +2)
You are dopey. (Int -2)
Your magical capacity is low (-10% MP).
You are weak. (Str -2)
Potions and wands are less effective at restoring your health.
You expend magic power (3 MP) to strengthen your wands.


Message History

Press: ? - help, Dir - move target cursor, f/p - merfolk impaler
Aim: a merfolk impaler, wielding a demon trident of pain and wearing a glowing leather armour (almost dead)
You reach to attack!
You closely miss the merfolk impaler.
The merfolk impaler is almost dead.
The merfolk impaler hits you from afar with a demon trident of pain!
* * * LOW HITPOINT WARNING * * *
Attack whom?
Press: ? - help, Dir - move target cursor, f/p - merfolk impaler
Aim: a merfolk impaler, wielding a demon trident of pain and wearing a glowing leather armour (almost dead)
Okay, then.
Use which ability?
You gain the combat prowess of a mighty hero.
You feel slightly more hungry.
The merfolk impaler hits you from afar with a demon trident of pain!
* * * LOW HITPOINT WARNING * * *
You block the merfolk impaler's attack.
Drink which item? (? for menu, Esc to quit)
You feel much better.
The merfolk impaler hits you from afar with a demon trident of pain!
You die...

≈≈≈≈≈≈≈≈≈≈≈≈≈≈..≈≈≈≈....≈≈...≈≈≈≈
≈≈≈≈≈≈≈≈≈≈≈≈≈....≈≈.....≈≈..≈≈≈≈≈
≈≈≈≈≈≈≈≈≈≈≈≈≈≈≈≈≈≈≈≈≈≈≈≈)≈..≈≈≈≈≈
≈≈≈≈≈≈≈≈≈≈≈≈≈≈≈≈≈...≈≈≈≈≈..[.≈≈≈≈
≈≈≈≈≈≈≈≈≈≈≈≈≈≈..[....≈≈≈..#...≈≈≈
≈≈≈≈≈≈≈≈≈≈≈≈≈..>...#...≈≈..##..≈≈
≈≈≈≈≈≈≈≈≈≈≈≈≈..m)####..###.###.≈≈
≈≈≈≈≈≈≈≈≈≈≈≈≈....# ##..##.##.≈≈≈
≈≈≈≈≈≈≈≈≈≈≈≈≈...@#####[.......≈≈≈
≈≈≈≈≈≈≈≈≈≈≈≈≈≈..###..........≈≈≈.
≈≈≈≈≈≈≈≈≈≈≈≈....# #.........≈≈≈≈.
≈≈≈≈≈≈≈≈≈≈≈≈....# #........≈≈≈≈≈≈
≈≈≈≈≈≈≈≈≈≈≈≈....####......≈≈≈≈≈≈≈
≈≈≈≈≈≈≈≈≈≈≈≈.....####.^..≈≈≈≈≈≈≈≈
≈≈≈≈≈≈≈≈≈≈≈.≈≈..>.....≈.≈≈≈≈≈≈≈≈≈
≈≈≈≈≈≈≈≈≈≈≈≈≈≈≈.≈≈≈...≈.≈≈≈≈≈≈≈≈≈
≈≈≈≈≈≈≈≈≈≈≈≈≈≈≈≈≈≈≈≈≈≈.≈≈≈≈≈≈≈≈≈≈


You could see a merfolk impaler.

Vanquished Creatures
  Jorgrun (Shoals:2)
  Rupert (Orc:3)
  3 krakens
  Polyphemus (Shoals:2)
  An orc warlord (Orc:4)
  3 ghost moths (Spider:4)
  Louise (Shoals:2)
  3 emperor scorpions (Spider:4)
  5 slime creatures
  Nessos (Lair:6)
  A dire elephant (Lair:8)
  Snorg (Lair:4)
  2 blizzard demons (IceCv)
  5 merfolk impalers
  12 hydras
  A minotaur (Lab)
  3 entropy weavers
  A merfolk avatar (Shoals:3)
  An alligator snapping turtle (Shoals:4)
  3 centaur warriors
  A hell beast (Lair:8)
  2 merfolk aquamancers (Shoals:1)
  A catoblepas (Shoals:2)
  8 death yaks
  2 tengu warriors
  An orc high priest (Orc:4)
  2 satyrs (Shoals:2)
  The ghost of stickyfingers the Spear-Bearer, a novice OpAs of Trog (Bailey)
  12 skeletal warriors
  2 wizards
  5 ice devils (IceCv)
  6 sea snakes
  12 harpies
  An ice statue (IceCv)
  4 orc knights
  6 hill giants
  16 orb spiders
  30 wolf spiders
  6 ugly things
  3 cyclopes
  10 manticores
  3 hornets
  2 orc sorcerers (Orc:4)
  6 black mambas
  8 griffons
  10 fauns
  A moth of wrath (Spider:4)
  4 water nymphs
  5 sirens
  8 elephants
  9 gargoyles
  3 torpor snails
  An orange demon (Lair:8)
  16 spiny frogs
  4 freezing wraiths (IceCv)
  11 komodo dragons
  An efreet (D:13)
  10 demonic crawlers
  4 fire drakes
  24 jumping spiders
  A harpy zombie (D:11)
  A minotaur zombie (Lab)
  A blue devil (IceCv)
  A tengu conjurer (D:14)
  13 merfolk
  4 two-headed ogres
  An anaconda simulacrum (IceCv)
  6 trolls
  7 snapping turtles
  A deep elf mage (D:14)
  23 blink frogs
  6 spriggans (Lair:8)
  3 dire elephant simulacra (IceCv)
  23 trapdoor spiders
  A fire elemental (Lair:7)
  5 water elementals
  A wraith (D:14)
  28 tarantellas
  39 redbacks
  2 wyverns
  A steam dragon (D:10)
  A basilisk (Lair:8)
  22 yaks
  22 wolves
  10 hippogriffs
  2 vampire mosquitoes (D:11)
  5 harpy simulacra (IceCv)
  14 water moccasins
  3 hungry ghosts
  5 iron troll simulacra (IceCv)
  4 sky beasts
  9 wargs
  4 porcupines
  Duvessa (D:6)
  5 hydra simulacra (IceCv)
  2 phantoms
  21 spiders
  2 wasps
  11 ice beasts
  14 ogres
  3 black bears
  15 centaurs
  49 orc warriors
  11 crocodiles
  2 big kobolds
  2 elf zombies (Ossuary)
  19 giant frogs
  A wyvern zombie (D:7)
  Dowan (D:6)
  15 killer bees
  6 scorpions
  10 wights
  2 electric eels
  4 crimson imps
  2 centaur zombies (D:12)
  6 centaur skeletons
  27 orc priests
  3 draconian simulacra (IceCv)
  A giant frog zombie (D:12)
  37 orc wizards
  3 jellies
  5 hounds
  Terence (D:2)
  Natasha (thrice) (D:3)
  2 giant frog skeletons
  7 iguanas
  2 troll simulacra (IceCv)
  10 worker ants
  2 spriggan simulacra (IceCv)
  9 sheep
  2 big kobold zombies (Ossuary)
  3 centaur simulacra (IceCv)
  A polar bear simulacrum (IceCv)
  A wolf simulacrum (IceCv)
  2 ogre skeletons (Lab)
  A hound zombie (D:6)
  2 hound skeletons
  2 mummies (Ossuary)
  A worker ant zombie (D:5)
  11 adders
  An ogre simulacrum (IceCv)
  A naga simulacrum (IceCv)
  3 gnolls (D:7)
  86 river rats
  5 shadow imps
  7 white imps (IceCv)
  7 ufetubi (IceCv)
  4 oozes
  An adder skeleton (D:4)
  4 adder zombies
  2 worms
  196 orcs
  3 ball pythons
  7 giant cockroaches
  7 goblins
  7 hobgoblins
  4 jackals (D:3)
  13 kobolds
  5 quokkas
  12 bats
  3 giant geckos
  A giant gecko skeleton (D:6)
  A giant gecko zombie (D:5)
  9 giant newts
  2 goblin zombies (Ossuary)
  9 hobgoblin zombies (Ossuary)
  A jackal zombie (D:5)
  11 kobold zombies (Ossuary)
  7 orc zombies (Ossuary)
  2 quokka zombies
  9 rats
  2 rat zombies (Ossuary)
  2 fungi (D:8)
  15 tentacles
1371 creatures vanquished.

Vanquished Creatures (others)
  A jumping spider (Spider:1)
  An orc priest (D:13)
  A quokka (D:14)
  12 fungi
  8 plants
  22 tentacles
  1671 tentacle segments
1716 creatures vanquished.

Grand Total: 3087 creatures vanquished

Notes
Turn   | Place    | Note
--------------------------------------------------------------
     0 | D:1      | Goblin1989 the Centaur Fighter began the quest for the Orb.
     0 | D:1      | Reached XP level 1. HP: 19/19 MP: 1/1
   170 | D:1      | Reached XP level 2. HP: 24/26 MP: 2/2
   712 | D:2      | Reached XP level 3. HP: 25/31 MP: 3/3
  1068 | D:2      | You fall through a shaft!
  1070 | D:3      | Found a deep blue altar of Sif Muna.
  1072 | D:3      | Found a radiant altar of Vehumet.
  1075 | D:3      | Found a shadowy altar of Dithmenos.
  1599 | D:2      | Noticed Terence
  1610 | D:2      | Killed Terence
  1610 | D:2      | Reached skill level 4 in Polearms
  1610 | D:2      | Reached XP level 4. HP: 14/38 MP: 4/4
  2256 | D:3      | Noticed Natasha
  2271 | D:3      | Killed Natasha
  2271 | D:3      | Reached XP level 5. HP: 35/45 MP: 5/5
  2647 | D:3      | Noticed Natasha
  2655 | D:3      | Killed Natasha
  2655 | D:3      | Reached skill level 5 in Polearms
  2699 | D:3      | Noticed Natasha
  2702 | D:3      | Killed Natasha
  2868 | D:4      | Noticed an ogre
  2876 | D:4      | Killed an ogre
  2885 | D:3      | HP: 2/45 [poisoned by a worker ant]
  2892 | D:3      | HP: 1/45 [poisoned by a worker ant]
  3195 | D:4      | Reached XP level 6. HP: 51/51 MP: 6/6
  3212 | D:4      | Found a basalt altar of Yredelemnul.
  3233 | D:4      | Noticed an ogre
  3258 | D:4      | HP: 2/51 [ogre/giant club (10)]
  3272 | D:4      | Killed an ogre
  3272 | D:4      | Reached skill level 6 in Polearms
  4102 | D:4      | Found a stormy altar of Qazlal.
  4331 | D:4      | Got a pitted spear
  4332 | D:4      | Identified the +6 spear "Voim" {venom, *Contam Str+9} (You found it on level 4 of the Dungeon)
  4373 | D:5      | Entered Level 5 of the Dungeon
  4376 | D:5      | Reached skill level 7 in Polearms
  4464 | D:5      | Found a sand-covered staircase.
  4468 | Ossuary  | Entered an ossuary
  4476 | Ossuary  | Reached XP level 7. HP: 55/57 MP: 7/7
  4764 | D:5      | Found a blossoming altar of Fedhas.
  4783 | D:5      | Reached skill level 8 in Polearms
  4960 | D:6      | Reached XP level 8. HP: 45/63 MP: 8/8
  5139 | D:6      | Noticed Dowan
  5140 | D:6      | Noticed Duvessa
  5149 | D:6      | Killed Dowan
  5155 | D:6      | Killed Duvessa
  5155 | D:6      | Reached skill level 9 in Polearms
  5190 | D:6      | Found a sacrificial altar of Ru.
  6091 | D:7      | Reached skill level 10 in Polearms
  6179 | D:7      | Found a staircase to the Ecumenical Temple.
  6194 | Temple   | Entered the Ecumenical Temple
  6424 | Temple   | Became a worshipper of Warmaster Okawaru
  6617 | D:7      | Reached XP level 9. HP: 62/69 MP: 9/9
  6709 | D:7      | Reached skill level 11 in Polearms
  6827 | D:7      | Acquired Okawaru's first power
  7601 | D:8      | Found Hoasch's Magic Scroll Boutique.
  7623 | D:8      | Bought a scroll of enchant weapon for 75 gold pieces
  7623 | D:8      | Bought a scroll of amnesia for 35 gold pieces
  7623 | D:8      | Bought a scroll of summoning for 95 gold pieces
  7623 | D:8      | Bought a scroll of identify for 20 gold pieces
  7623 | D:8      | Bought a scroll of identify for 20 gold pieces
  7651 | D:8      | Reached skill level 1 in Invocations
  7664 | D:8      | Reached skill level 5 in Fighting
  7690 | D:8      | Found a staircase to the Lair.
  7746 | D:8      | Gained mutation: You are agile. (Dex +2) [potion of beneficial mutation]
  8081 | Lair:1   | Entered Level 1 of the Lair of Beasts
  8334 | Lair:1   | Noticed a spiny frog
  8345 | Lair:1   | Killed a spiny frog
  8390 | Lair:1   | Reached XP level 10. HP: 86/86 MP: 11/11
  8521 | Lair:1   | Noticed a black mamba
  8541 | Lair:1   | Killed a black mamba
  8610 | Lair:1   | Noticed a spiny frog
  8638 | Lair:1   | Killed a spiny frog
  8638 | Lair:1   | Reached skill level 12 in Polearms
  9466 | Lair:2   | Reached skill level 1 in Throwing
  9627 | Lair:2   | Noticed an elephant
  9628 | Lair:2   | Noticed an elephant
  9680 | Lair:2   | Noticed an elephant
  9783 | Lair:1   | Killed an elephant
  9852 | Lair:2   | Killed an elephant
  9852 | Lair:2   | Reached skill level 10 in Fighting
  9886 | Lair:2   | Noticed an elephant
  9892 | Lair:2   | Noticed a black mamba
  9910 | Lair:1   | Killed an elephant
  9910 | Lair:1   | Received a gift from Okawaru
 10003 | Lair:2   | Reached XP level 11. HP: 98/101 MP: 9/12
 10013 | Lair:2   | Killed a black mamba
 10087 | Lair:2   | Noticed a black mamba
 10100 | Lair:2   | Killed a black mamba
 10250 | Lair:2   | Noticed a five-headed hydra
 10265 | Lair:2   | Killed a five-headed hydra
 10425 | Lair:2   | Killed an elephant
 10523 | Lair:2   | Noticed a spiny frog
 10535 | Lair:2   | Killed a spiny frog
 11263 | Lair:3   | Reached skill level 5 in Throwing
 11645 | Lair:3   | Noticed a death yak
 11645 | Lair:3   | Noticed a death yak
 11646 | Lair:3   | Noticed a death yak
 11660 | Lair:3   | Noticed a death yak
 11675 | Lair:2   | Killed a death yak
 11675 | Lair:2   | Acquired Okawaru's second power
 11827 | Lair:3   | Noticed a death yak
 11865 | Lair:2   | Killed a death yak
 12010 | Lair:3   | Killed a death yak
 12010 | Lair:3   | Reached skill level 5 in Armour
 12037 | Lair:2   | Killed a death yak
 12219 | Lair:3   | Killed a death yak
 12597 | Lair:4   | Received a gift from Okawaru
 12790 | Lair:4   | Reached XP level 12. HP: 110/110 MP: 13/13
 12846 | Lair:4   | Noticed Snorg
 12874 | Lair:4   | Killed Snorg
 12874 | Lair:4   | Received a gift from Okawaru
 12877 | Lair:4   | Got a warped crystal plate armour {god gift}
 12888 | Lair:4   | Identified the +0 crystal plate armour of the Special Beds {Int+3 Dex+4} (Okawaru gifted it to you on level 4 of the Lair of Beasts)
 12894 | Lair:4   | Noticed a six-headed hydra
 12898 | Lair:4   | Killed a six-headed hydra
 13397 | Lair:5   | Noticed a four-headed hydra
 13406 | Lair:5   | Killed a four-headed hydra
 14242 | Lair:5   | Reached skill level 5 in Shields
 14445 | Lair:6   | Noticed Nessos
 14452 | Lair:6   | Killed Nessos
 14869 | Lair:6   | Found a hole to the Spider Nest.
 14936 | Lair:6   | Found a staircase to the Shoals.
 15162 | Lair:6   | Noticed a six-headed hydra
 15179 | Lair:6   | Killed a six-headed hydra
 15391 | Lair:7   | Found a staircase to the Slime Pits.
 15420 | Lair:7   | Received a gift from Okawaru
 15597 | Lair:7   | Got an iridescent spear {god gift}
 15598 | Lair:7   | Identified the +4 spear "Meptonni" {pain, *Contam rPois MR+ Str+2} (Okawaru gifted it to you on level 7 of the Lair of Beasts)
 15645 | Lair:7   | Gained mutation: You are weak. (Str -2) [mutagenic glow]
 15674 | Lair:7   | Gained mutation: You expend magic power (3 MP) to strengthen your wands. [mutagenic glow]
 15781 | Lair:7   | Gained mutation: Potions and wands are less effective at restoring your health. [mutagenic glow]
 15799 | Lair:7   | Reached XP level 13. HP: 113/116 MP: 14/14
 15835 | Lair:7   | Noticed a five-headed hydra
 15991 | Lair:7   | Reached skill level 10 in Throwing
 16158 | Lair:7   | Killed a five-headed hydra
 16257 | Lair:7   | Received a gift from Okawaru
 16389 | Lair:7   | Noticed a seven-headed hydra
 16410 | Lair:7   | Killed a seven-headed hydra
 16735 | Lair:8   | Entered Level 8 of the Lair of Beasts
 16771 | Lair:8   | Received a gift from Okawaru
 16772 | Lair:8   | Got a scorched centaur barding {god gift}
 16785 | Lair:8   | Identified the +2 centaur barding of Fipluafi {rElec rC- Stlth+} (Okawaru gifted it to you on level 8 of the Lair of Beasts)
 16937 | Lair:8   | Noticed a dire elephant
 18079 | Lair:8   | Noticed a dire elephant
 18113 | Lair:8   | Found a burning altar of Makhleb.
 18273 | Lair:8   | Killed a dire elephant
 18749 | Lair:1   | Gained mutation: Your magical capacity is low (-10% MP). [mutagenic glow]
 19055 | D:9      | Found a shattered altar of Ashenzari.
 19530 | D:9      | Found a burning altar of Makhleb.
 19655 | D:10     | Entered Level 10 of the Dungeon
 19872 | D:10     | Reached XP level 14. HP: 124/124 MP: 14/14
 20225 | D:11     | Received a gift from Okawaru
 20338 | D:11     | Found a labyrinth entrance.
 20353 | Lab      | Entered a labyrinth
 22033 | Lab      | Received a gift from Okawaru
 22078 | Lab      | Got a fine quick blade {god gift}
 23026 | D:11     | Received a gift from Okawaru
 23605 | D:11     | Found a staircase to the Orcish Mines.
 23846 | Orc:1    | Entered Level 1 of the Orcish Mines
 23896 | Orc:1    | Found a flagged portal.
 23905 | Bailey   | Entered a bailey
 24248 | Bailey   | Got a coiled jade ring
 24552 | Bailey   | Noticed stickyfingers's ghost (novice OpAs)
 24572 | Bailey   | Killed stickyfingers's ghost
 25753 | Orc:1    | Received a gift from Okawaru
 26018 | Orc:3    | Found Simugh's General Store.
 26021 | Orc:3    | Bought a scroll of fog for 28 gold pieces
 26021 | Orc:3    | Bought a scroll of acquirement for 728 gold pieces
 26021 | Orc:3    | Bought a scroll of magic mapping for 49 gold pieces
 26124 | Orc:3    | Gained mutation: You are dopey. (Int -2) [mutagenic glow]
 26360 | Orc:4    | Entered Level 4 of the Orcish Mines
 26561 | Orc:4    | Reached skill level 10 in Armour
 26590 | Orc:4    | Upgraded the game from 0.17-a0-2002-g92c7e20 to 0.17-a0-2014-g32cd421
 26837 | Lair:1   | Identified the ring "Dyrer" {MR+ SInv} (You found it in a bailey)
 27234 | Orc:4    | Noticed Rupert
 27287 | Orc:3    | Killed Rupert
 27287 | Orc:3    | Received a gift from Okawaru
 27290 | Orc:3    | Got a scorched scale mail {god gift}
 27301 | Orc:3    | Identified the +5 scale mail "Neuxtowus" {rN+++ Str-3 Int-3 SInv} (Okawaru gifted it to you on level 3 of the Orcish Mines)
 27726 | Orc:4    | Reached skill level 1 in Dodging
 27827 | Orc:4    | Noticed an orc warlord
 27951 | Orc:4    | Killed an orc warlord
 28228 | Orc:4    | Found a roughly hewn altar of Beogh.
 28278 | Orc:4    | Found Gawiom's Antique Armour Boutique.
 28296 | Orc:4    | Found Eptec's Antique Weapon Boutique.
 28323 | Orc:4    | Found Rapuph's Jewellery Boutique.
 28365 | Orc:4    | Found Xopiq's General Store.
 28374 | Orc:4    | Bought a scroll of identify for 26 gold pieces
 28374 | Orc:4    | Bought a scroll of identify for 26 gold pieces
 29092 | D:8      | Bought a scroll of enchant weapon for 75 gold pieces
 29351 | D:12     | Got a crude spear
 29352 | D:12     | Identified the cursed +3 spear "Veyx" {pierce, rElec} (You found it on level 12 of the Dungeon)
 29596 | D:12     | Reached XP level 15. HP: 115/129 MP: 14/14
 30138 | D:13     | Reached skill level 13 in Polearms
 30292 | D:13     | Received a gift from Okawaru
 30320 | D:13     | Reached skill level 1 in Evocations
 30818 | D:13     | Received a gift from Okawaru
 31203 | D:14     | Received a gift from Okawaru
 31281 | D:14     | Found a gate to the Vaults.
 31548 | D:14     | Found a white marble altar of Elyvilon.
 32160 | D:14     | Reached skill level 5 in Invocations
 32751 | Shoals:1 | Entered Level 1 of the Shoals
 33179 | Shoals:1 | Reached skill level 14 in Polearms
 33570 | Shoals:1 | Noticed a kraken
 34238 | Shoals:2 | Noticed Polyphemus
 34240 | Shoals:2 | Noticed Jorgrun
 34325 | Spider:1 | Entered Level 1 of the Spider Nest
 34348 | Spider:1 | Received a gift from Okawaru
 35467 | Spider:1 | Reached XP level 16. HP: 134/138 MP: 18/18
 35998 | Spider:2 | Received a gift from Okawaru
 36959 | Spider:3 | Received a gift from Okawaru
 36969 | Spider:3 | Got a transparent ring mail {god gift}
 36982 | Spider:2 | Identified the +3 ring mail of the Pits of Slime {rElec rC+ Int+2 Slay+3} (Okawaru gifted it to you on level 3 of the Spider Nest)
 37824 | Orc:4    | Bought an uncursed amulet of resist corrosion for 240 gold pieces
 37841 | Orc:4    | Bought a scroll of acquirement for 676 gold pieces
 39893 | Spider:4 | Entered Level 4 of the Spider Nest
 42115 | Spider:4 | Received a gift from Okawaru
 43188 | Spider:4 | Received a gift from Okawaru
 43397 | Spider:4 | Reached skill level 5 in Dodging
 44017 | Spider:4 | Received a gift from Okawaru
 44165 | Spider:4 | Reached XP level 17. HP: 150/150 MP: 19/19
 44202 | Spider:4 | Got a gossamer rune of Zot
 44459 | Spider:4 | Received a gift from Okawaru
 45426 | Shoals:1 | Killed a kraken
 45426 | Shoals:1 | Reached skill level 15 in Throwing
 45530 | Shoals:2 | Noticed Louise
 45562 | Shoals:2 | Killed Louise
 46848 | Shoals:2 | Killed Jorgrun
 46878 | Shoals:2 | Received a gift from Okawaru
 46908 | Shoals:2 | Killed Polyphemus
 47016 | Shoals:2 | Received a gift from Okawaru
 49039 | Shoals:3 | Reached skill level 16 in Throwing
 49679 | Shoals:4 | Entered Level 4 of the Shoals
 49733 | Shoals:4 | Found a frozen archway.
 49758 | IceCv    | Entered an ice cave
 50327 | IceCv    | Reached skill level 15 in Fighting
 50798 | Shoals:4 | Noticed Ilsuiw
 51654 | Shoals:3 | HP: 5/156 [merfolk impaler/demon trident of pain (17)]
 51655 | Shoals:3 | Slain by a merfolk impaler

Vault maps used:
D:1:      scummos_arrival_simple_crosswalls, serial_bayou_lake_a
D:2:      uniq_terence
D:3:      grunt_temple_overflow_open, uniq_natasha
D:4:      nicolae_qazlal_general_emergency, yredelemnul_altar_generic,
          first_bread
D:5:      nicolae_ossuary_entry_plus, fedhas_altar_3
D:6:      hangedman_ru_absence, uniq_duvessa
D:7:      minmay_temple_entry_glassed_door, grunt_ogre_cave
D:8:      dpeg_oklobed_lair, serial_shops, shop, wad_floor_pattern_untrapped
D:9:      lemuel_coloured_pillars_altar, cheibrodos_ashenzari_chains,
          minmay_misc_feat_doors, kennysheep_generic_room_4
D:11:     david_orc_4, lab_entry_generic, fountainhead
D:13:     lemuel_nasty_fountain
D:14:     david_vaults_1, minmay_door_square, special_room, elyvilon_altar_4
Temple:   oiseaux_autumnal_temple_12
Lair:1:   minmay_holes
Lair:2:   infiniplex_staircase_pool, grunt_megastairs_1
Lair:3:   grunt_megastairs_4
Lair:4:   boulder_dual_corridor_run, grunt_forest_small_clearing_treed,
          infiniplex_staircase_pool_2, uniq_snorg
Lair:6:   elwin_shoals_entry_rocks, spider_nest_entry_funnel_web, uniq_nessos
Lair:7:   slime_dummy
Lair:8:   evil_forest, wad_woods_01
Shoals:2: uniq_polyphemus, uniq_jorgrun, uniq_louise
Shoals:4: portal_ice_cave_entry_ice_beasts, shoals_end_simple, shoal_ilsuiw
Spider:4: grunt_spider_rune_parallel
Orc:1:    enter_bailey_2
Orc:3:    serial_shops, nicolae_shop_behind_doors, nicolae_orc_pool_cavern,
          nicolae_orc_lava_room
Orc:4:    grunt_orc_cross, nooodl_orcs_dogs, uniq_rupert
Lab:      labyrinth_hidden_loot, labyrinth_skeletal_remains,
          nicolae_lab_checkerboard, lab_statue, lab_fountain,
          nicolae_lab_hexagon, nicolae_lab_statue
Ossuary:  ossuary_tomb_1
Bailey:   bailey_polearm_2, bailey
IceCv:    ice_cave_caverns_01

Action                   |  1- 3 |  4- 6 |  7- 9 | 10-12 | 13-15 | 16-18 || total
-------------------------+-------+-------+-------+-------+-------+-------++-------
Melee: Trident           |   146 |   193 |       |       |       |       ||   339
       Spear             |       |     4 |   415 |   663 |  1830 |       ||  2912
       Demon trident     |       |       |       |       |  1156 |  1321 ||  2477
Throw: Javelin           |       |     5 |     7 |    48 |    83 |     2 ||   145
       Tomahawk          |       |       |       |    54 |   152 |   249 ||   455
       Throwing net      |       |       |       |       |     1 |       ||     1
Invok: Heroism           |       |       |     2 |     7 |    12 |    14 ||    35
       Finesse           |       |       |       |       |     2 |     3 ||     5
Evoke: Wand              |       |       |       |       |     8 |     3 ||    11
  Use: Scroll            |       |     7 |    13 |     5 |    14 |     4 ||    43
       Potion            |       |       |     4 |       |     5 |     7 ||    16
 Stab: Distracted        |       |       |       |       |     1 |       ||     1
       Petrifying        |       |       |       |       |       |     2 ||     2
       Sleeping          |       |       |       |       |       |     1 ||     1
  Eat: Bread ration      |     1 |       |       |       |     2 |     2 ||     5
       Chunk             |       |     5 |     8 |    11 |    28 |    17 ||    69
       Beef jerky        |       |       |     1 |     1 |       |     1 ||     3
       Royal jelly       |       |       |     1 |       |       |       ||     1
       Fruit             |       |       |       |     4 |     4 |     6 ||    14
       Pizza             |       |       |       |     2 |     1 |       ||     3
       Meat ration       |       |       |       |       |     3 |     3 ||     6
